 Dungeon Crawl Stone Soup version 0.30.1 (webtiles) character file.

Game seed: 15065578599395171813

18 Destapler the Covered (level 2, 0/19 HPs)
             Began as a Gargoyle Fighter on July 8, 2023.
             Slain by a quokka (3 damage)
             ... on level 2 of the Dungeon.
             The game lasted 00:01:37 (549 turns).

Destapler the Covered (Gargoyle Fighter)             Turns: 549, Time: 00:01:37

Health: 0/19       AC: 13    Str: 19    XL:     2   Next: 66%
Magic:  2/2        EV:  9    Int:  8    God:
Gold:   31         SH:  4    Dex:  9    Spells: 1/1 levels left

rFire   . . .        a - +0 flail
rCold   . . .        c - +0 buckler
rNeg    + . .        b - +0 scale mail
rPois   ∞            (no helmet)
rElec   +            (no cloak)
rCorr   .            (no gloves)
SInv    +            (no boots)
Will    .....        (no amulet) Stlth
                     l - +4 ring of protection
HPRegen 0.23/turn    j - ring of see invisible
MPRegen 0.08/turn

%: no passive effects
@: no status effects
A: sickness immunity, AC +2, negative energy resistance 1, electricity
resistance, torment resistance 1, petrification resistance
a: no special abilities


You were on level 2 of the Dungeon.
You visited 1 branch of the dungeon, and saw 2 of its levels.

You collected 31 gold pieces.

Inventory:

Hand Weapons
 a - a +0 flail (weapon)
Armour
 b - a +0 scale mail (worn)
 c - a +0 buckler (worn)
Jewellery
 j - a ring of see invisible (right hand)
 l - a +4 ring of protection (left hand)
Scrolls
 e - a scroll of enchant armour {unknown}
 g - a scroll of torment {unknown}
 m - a scroll of enchant weapon {unknown}
Potions
 d - 3 potions of might
 f - 3 potions of curing {unknown}
 h - a potion of attraction {unknown}
 i - a potion of resistance {unknown}
 k - a potion of flight {unknown}


   Skills:
 + Level 3.5 Fighting
 + Level 2.3 Maces & Flails
 + Level 3.6 Armour
 + Level 3.5 Shields


You had one spell level left.
You didn't know any spells.
Your spell library was empty.

Dungeon Overview and Level Annotations

Branches:
Dungeon (2/15)

Altars:


Innate Abilities, Weirdness & Mutations

You are immune to sickness and miasma.
Your stone body is resilient. (AC +2)
You are immune to poison.
You resist negative energy. (rN+)
You are resistant to electric shocks. (rElec)
You are resistant to unholy torment.
You are immune to petrification.


Message History

There is a stone staircase leading down here.
You climb downwards.
Found a scroll labelled VAULOAHAUN and 7 stones.
There is a stone staircase leading up here.
m - a scroll labelled VAULOAHAUN You see here 7 stones.
Found a trident.
You see here a +0 trident.
An endoplasm, an iguana and a quokka come into view.
The endoplasm quivers.
The endoplasm moves out of view.
There are monsters nearby!
There are monsters nearby!
Found a stone staircase leading down.
Found a stone staircase leading down.
The quokka bites you but does no damage.
The endoplasm freezes you.
You are frozen.
The quokka barely misses you.
The iguana bites you but does no damage.
You sock the iguana!
The iguana is heavily wounded.
The quokka bites you but does no damage.
The endoplasm hits you but does no damage.
The iguana bites you.
You hit the iguana.
The iguana is almost dead.
You block the quokka's attack.
The endoplasm hits you but does no damage.
The iguana completely misses you. The quokka barely misses you.
You hit the iguana but do no damage.
The iguana is almost dead.
The endoplasm freezes you.
You are frozen.
* * * LOW HITPOINT WARNING * * *
The iguana bites you.
* * * LOW HITPOINT WARNING * * *
The quokka bites you but does no damage.
The endoplasm attacks as you move away! The endoplasm closely misses you.
The quokka attacks as you move away! The quokka bites you.
You die...

#### #### #...##
##...# #.#
#.>...###...>.#
#.# ...........
#.# ....♣.... #.#
###.....# #.#
#.##Jlr### #.#
#....@...# #.#
#.....####
#<##### ##...##
#....(########.##
#####.........)#
############


You could see an iguana, an endoplasm and a quokka.

Vanquished Creatures
  A ball python (D:1)
  An endoplasm (D:1)
  A giant cockroach (D:1)
  A goblin (D:1)
  2 hobgoblins (D:1)
  2 jackals (D:1)
  2 quokkas (D:1)
  2 bats (D:1)
  2 kobolds (D:1)
  A rat (D:1)
15 creatures vanquished.

Notes
Turn   | Place    | Note
-------+----------+-------------------------------------------
     0 | D:1      | Destapler the Gargoyle Fighter began the quest for the Orb.
     0 | D:1      | Reached XP level 1. HP: 14/14 MP: 1/1
   132 | D:1      | Reached XP level 2. HP: 18/19 MP: 2/2
   549 | D:2      | Slain by a quokka

Illustrated notes

Levels and vault maps discovered:
D:1:      minmay_arrival_four_houses, layout_rooms
D:2:      layout_loops_cross, shapermc_ecumenical_altar_flowoftime,
          grunt_ministairs_12, uniq_natasha

Action                     || total
---------------------------++-------
  Melee: Flail             ||    69
 Armour: Scale mail        ||    50
  Dodge: Dodged            ||    42
  Block: Buckler           ||    13
